Map: Nightshade LE

Players

HeroMarine - Winner!

  • Race: Terran Terran
  • Spawn Location: 11:00

LiquidMaNa (MaNa)

  • Race: Protoss Protoss
  • League: Grandmaster
  • Spawn Location: 5:00

VOD

Have the link to the VOD?

Description

Time

  • Played on: Feb. 2, 2020, 11:24 a.m.
  • Length: 10:57
Show
View Real Time Build Order
Export as new Build Order

HeroMarine Terran - Winner!

Build Orders: Reaper Expand 

Get SALT Encoding   

  12  0:00  SCV  
  13  0:12  SCV  
  14  0:17  Supply Depot  
  14  0:24  SCV  
  15  0:38  SCV  
  15  0:40  Barracks  
  16  0:43  Refinery  
  16  0:50  SCV  
  17  1:02  SCV  
  18  1:15  SCV  
  19  1:27  Orbital Command, Reaper  
  20  1:39  Command Center  
  20  1:50  Supply Depot  
  20  1:52  SCV  
  21  1:58  Marine  
  22  2:04  SCV  
  23  2:10  Factory  
  23  2:16  SCV  
  23  2:21  Barracks Reactor, Refinery  
  24  2:22  Bunker  
  24  2:28  SCV  
  25  2:41  SCV  
  26  2:52  Orbital Command  
  26  2:53  SCV  
  26  2:57  Marine, Starport, Widow Mine  
  30  2:59  Marine  
  30  3:05  SCV  
  32  3:15  Marine  
  32  3:17  Marine, SCV  
  32  3:18  SCV, Widow Mine  
  38  3:25  Supply Depot  
  38  3:29  SCV  
  38  3:30  SCV  
  38  3:33  Medivac  
  42  3:35  Marine  
  42  3:37  Marine  
  42  3:40  Widow Mine  
  46  3:46  SCV x2  
  46  3:47  Supply Depot  
  48  3:53  Marine  
  48  3:54  Marine  
  50  3:58  SCV x2  
  50  4:01  Factory Tech Lab, Barracks  
  52  4:05  Starport Tech Lab  
  52  4:09  Engineering Bay  
  52  4:10  SCV x2  
  52  4:11  Refinery  
  54  4:19  Marine x2  
  54  4:22  SCV x2  
  54  4:24  Barracks  
  57  4:25  Raven  
  57  4:28  Supply Depot  
  59  4:35  SCV x2  
  61  4:39  Marine x2  
  61  4:46  Terran Infantry Weapons Level 1  
  61  4:47  SCV  
  61  4:50  SCV, Supply Depot  
  63  4:53  Supply Depot  
  63  4:57  Marine  
  63  4:59  SCV, Stimpack  
  65  5:00  Marauder  
  65  5:02  SCV  
  65  5:04  Refinery  
  68  5:07  Marine  
  68  5:11  SCV  
  68  5:13  Factory Reactor  
  70  5:14  Marine, SCV  
  70  5:19  Starport Reactor  
  70  5:20  Combat Shield  
  72  5:22  Marauder x2  
  76  5:28  Marine, Supply Depot  
  76  5:32  Marine  
  78  5:40  Supply Depot  
  78  5:43  Marauder x2  
  78  5:46  Marine  
  83  5:50  Marine, Widow Mine  
  83  5:51  Widow Mine  
  83  5:53  SCV x2  
  83  5:55  Supply Depot  
  83  5:56  Medivac  
  92  5:57  Medivac  
  92  6:03  Supply Depot  
  94  6:04  Marine, Marauder x2  
  94  6:08  Marine  
  100  6:12  Widow Mine  
  100  6:17  Widow Mine  
  104  6:20  Supply Depot  
  104  6:21  Command Center  
  104  6:26  Medivac  
  104  6:27  Medivac  
  108  6:33  Marauder x2  
  108  6:34  Widow Mine  
  108  6:36  Marine x2  
  108  6:38  Widow Mine  
  118  6:43  Terran Infantry Armor Level 1  
  118  6:54  Marine x2  
  118  6:55  Marauder x2  
  118  6:57  Widow Mine  
  118  7:00  Widow Mine  
  113  7:11  Marine, Barracks  
  113  7:12  Marine  
  102  7:16  Marauder x2  
  102  7:22  Medivac, Widow Mine  
  104  7:27  Widow Mine  
  104  7:29  Marine x2  
  102  7:37  Marauder x2  
  102  7:40  Medivac  
  102  7:43  SCV x2  
  111  7:47  Marine x2  
  111  7:49  Barracks  
  112  7:55  SCV x2  
  110  7:59  Marauder x2  
  105  8:06  Marine  
  105  8:07  Marine, SCV x2  
  107  8:18  Medivac x2  
  107  8:19  SCV, Orbital Command  
  112  8:20  Marauder x2, SCV  
  117  8:28  Barracks Reactor  
  117  8:29  Marine x2  
  117  8:31  SCV  
  117  8:32  SCV  
  117  8:35  Starport  
  117  8:36  Barracks Tech Lab  
  117  8:38  Ghost Academy  
  117  8:41  Marauder  
  117  8:42  Marauder  
  117  8:43  SCV  
  117  8:44  SCV  
  121  8:55  SCV x2  
  111  8:56  SCV  
  111  8:58  Marauder  
  111  9:02  Medivac x2  
  111  9:03  Marauder x2  
  111  9:07  Marine x3  
  111  9:08  Marine  
  119  9:13  Viking x2  
  112  9:20  Marauder  
  112  9:22  Refinery x2  
  114  9:24  Marauder x2  
  114  9:29  Marine  
  114  9:30  Marine x3  
  119  9:37  Viking x2  
  119  9:38  Command Center, Engineering Bay  
  123  9:39  Armory  
  123  9:41  Marauder  
  123  9:45  Viking, Supply Depot x2  
  127  9:46  Marauder x2  
  127  9:48  Missile Turret  
  127  9:49  Viking  
  133  9:53  Marine x4  
  137  10:02  Supply Depot  
  137  10:05  Ghost  
  137  10:06  Ghost x2  
  137  10:07  Missile Turret  
  140  10:11  Marine x2  
  144  10:17  Marine  
  144  10:18  Marine  
  146  10:28  Marine  
  146  10:30  Marine  
  146  10:34  Marauder  
  146  10:35  Marine, Barracks x2  
  152  10:36  Marauder x2  
Show
View Real Time Build Order
Export as new Build Order

LiquidMaNa Protoss 

Build Orders: 1 Gate Expand, Blink Stalkers, Colossus Rush 

Get SALT Encoding   

  12  0:00  Probe  
  13  0:12  Probe  
  14  0:16  Pylon  
  14  0:25  Probe (Chrono Boost)  
  15  0:37  Gateway, Probe (Chrono Boost)  
  16  0:43  Probe (Chrono Boost)  
  16  0:45  Assimilator  
  17  0:51  Probe  
  18  1:03  Probe (Chrono Boost)  
  19  1:12  Probe (Chrono Boost)  
  19  1:17  Probe (Chrono Boost)  
  20  1:24  Cybernetics Core  
  21  1:32  Nexus  
  21  1:39  Pylon  
  21  1:43  Assimilator  
  21  1:46  Probe  
  22  1:58  Probe  
  22  2:00  Adept (Chrono Boost)  
  25  2:01  Warp Gate  
  25  2:11  Probe  
  26  2:20  Twilight Council  
  26  2:23  Probe  
  26  2:27  Stalker  
  29  2:35  Probe  
  30  2:44  Probe  
  30  2:47  Probe  
  30  2:50  Blink (Chrono Boost)  
  32  2:57  Probe  
  33  2:59  Probe  
  33  3:03  Gateway  
  34  3:09  Probe (Chrono Boost)  
  36  3:12  Robotics Facility  
  36  3:14  Probe (Chrono Boost)  
  36  3:21  Probe (Chrono Boost)  
  36  3:25  Assimilator  
  38  3:28  Probe x2 (Chrono Boost)  
  38  3:31  Pylon  
  39  3:35  Probe  
  39  3:36  Probe  
  39  3:38  Assimilator  
  41  3:47  Probe  
  41  3:48  Probe  
  43  3:50  Pylon, Sentry  
  45  3:59  Probe  
  45  4:00  Probe, Robotics Bay  
  45  4:01  Observer  
  48  4:07  Stalker  
  50  4:11  Probe  
  50  4:12  Probe  
  50  4:15  Pylon  
  52  4:20  Stalker  
  52  4:23  Probe  
  56  4:24  Probe  
  56  4:26  Immortal (Chrono Boost)  
  60  4:35  Probe  
  60  4:36  Probe  
  60  4:37  Pylon  
  56  4:46  Stalker x2  
  56  4:48  Probe x2  
  62  5:01  Colossus (Chrono Boost)  
  62  5:02  Probe x2  
  70  5:07  Pylon  
  70  5:08  Observer  
  70  5:09  Sentry x2  
  70  5:13  Observer  
  74  5:23  Nexus, Extended Thermal Lance  
  74  5:24  Probe x2  
  76  5:29  Pylon  
  76  5:37  Probe x2  
  76  5:41  Forge  
  78  5:45  Colossus (Chrono Boost)  
  78  5:49  Probe x2  
  86  5:50  Stalker  
  86  5:54  Stalker  
  90  6:01  Pylon  
  92  6:06  Gateway  
  92  6:10  Gateway  
  90  6:14  Sentry  
  90  6:18  Gateway  
  92  6:23  Shield Battery, Observer  
  92  6:26  Stalker  
  92  6:32  Shield Battery  
  94  6:34  Colossus (Chrono Boost)  
  100  6:41  Probe x2, Protoss Ground Weapons Level 1  
  102  6:47  Stalker  
  102  6:52  Zealot  
  99  7:06  Probe x2  
  94  7:09  Probe  
  94  7:12  Pylon  
  94  7:14  Pylon  
  85  7:17  Zealot  
  85  7:18  Probe  
  85  7:19  Probe, Colossus (Chrono Boost)  
  85  7:21  Probe  
  78  7:24  Stalker  
  73  7:30  Probe  
  73  7:36  Probe x2  
  72  7:40  Stalker x3  
  72  7:43  Pylon  
  78  7:44  Zealot  
  78  7:48  Zealot  
  68  8:05  Stalker x3  
  68  8:09  Zealot x2  
  68  8:17  Immortal (Chrono Boost)  
  60  8:21  Observer  
  64  8:30  Zealot x4, Stalker  
  74  8:37  Probe x2  
  76  8:46  Zealot x4  
  84  8:54  Probe  
  73  8:56  Stalker  
  66  9:05  Observer  
  66  9:06  Stalker x3  
  66  9:07  Stalker  
  73  9:20  Colossus (Chrono Boost)  
  73  9:23  Stalker  
  75  9:29  Sentry  
  77  9:33  Pylon  
  77  9:45  Nexus  
  77  9:48  Sentry  
  77  9:49  Sentry  
  81  9:54  Zealot  
  83  10:07  Stalker x2  
  83  10:09  Disruptor (Chrono Boost)  
  89  10:20  Robotics Facility  
  89  10:22  Zealot  
  89  10:23  Zealot  
  93  10:31  Shield Battery  
  92  10:47  Stalker  
Tags
 
Add a new tag
Caveats
  • Supply blocks, unpowered buildings, or Contaminate may cause inaccurate times.
  • Supply counts are checked every 10 seconds.